TOP OF THE 1ST |
Milwaukee Brewers batting - Pitching for Colorado Rockies : LHP Keegan Akin
|
Pitching: LHP Keegan Akin
|
|
Batting: RHB Tommy Pham
|
0-0: Called Strike 0-1: Foul Ball, location: 2F 0-2: Ball 1-2: Strikes out swinging
|
Batting: LHB Jeff McNeil
|
0-0: Fly out, F9 (Flyball, 9LM, EV 99.4 MPH)
|
Batting: RHB Eugenio Suarez
|
0-0: Ball 1-0: Called Strike 1-1: Foul Ball, location: 2F 1-2: Fly out, F6 (Flyball, 6D, EV 87.5 MPH)
|
Top of the 1st over - 0 runs, 0 hits, 0 errors, 0 left on base; Milwaukee 0 - Colorado 0 |
BOTTOM OF THE 1ST |
Colorado Rockies batting - Pitching for Milwaukee Brewers : RHP Collin McHugh
|
Pitching: RHP Collin McHugh
|
|
Batting: RHB Christian Lopes
|
0-0: Ball 1-0: Ball 2-0: Called Strike 2-1: SINGLE (Line Drive, 8RS, EV 98.8 MPH)
|
Batting: SHB Victor Reyes
|
0-0: Foul Ball, location: 2F 0-1: Ball 1-1: Ball 2-1: Swinging Strike 2-2: DOUBLE (Line Drive, 9LD, EV 109.4 MPH) Christian Lopes to third Christian Lopes scores
|
Batting: LHB Shohei Ohtani
|
0-0: Ball Wild Pitch! Victor Reyes to third 1-0: SINGLE (Flyball, 34D, EV 95.6 MPH) Victor Reyes scores
|
Batting: LHB Josh VanMeter
|
0-0: Called Strike 0-1: Ball 1-1: Ball 2-1: SINGLE (Flyball, 89M, EV 89.4 MPH) Shohei Ohtani to second
|
Batting: RHB Michael Brosseau
|
0-0: Ball 1-0: Called Strike 1-1: Ball 2-1: Called Strike 2-2: SINGLE (Groundball, 4MD, EV 96.9 MPH) Shohei Ohtani to third Josh VanMeter to second Runner from 3rd tries for Home, throw by CF and OUT! 8-2
|
Batting: RHB Orlando Arcia
|
0-0: DOUBLE (Line Drive, 7LM, EV 105.6 MPH) Josh VanMeter scores Michael Brosseau to third Runner from 3rd tries for Home, SAFE, throw by LF to trailing runner, SAFE at third!
|
Batting: LHB CJ Alexander
|
0-0: Ball 1-0: Foul Ball, location: 2F 1-1: Ball 2-1: Ball 3-1: Foul Ball, location: 2F 3-2: Base on Balls
|
Batting: RHB Jake Rogers
|
0-0: Ball 1-0: Swinging Strike 1-1: Called Strike 1-2: Foul Ball, location: 2F 1-2: Strikes out swinging
|
Batting: LHB Keegan Akin
|
0-0: Swinging Strike 0-1: Hit by Pitch CJ Alexander to second
|
Batting: RHB Christian Lopes
|
0-0: Swinging Strike 0-1: Ball 1-1: Foul Ball, location: 2F 1-2: Ball 2-2: Strikes out looking
|
Bottom of the 1st over - 4 runs, 6 hits, 0 errors, 3 left on base; Milwaukee 0 - Colorado 4 |
TOP OF THE 2ND |
Milwaukee Brewers batting - Pitching for Colorado Rockies : LHP Keegan Akin
|
Batting: RHB Aaron Judge
|
0-0: Ball 1-0: Called Strike 1-1: Fly out, F2 (Popup, 2LF, EV 93.1 MPH)
|
Batting: RHB Gary Sanchez
|
0-0: Called Strike 0-1: DOUBLE (Line Drive, 78D, EV 101.9 MPH)
|
Batting: LHB Eric Hosmer
|
0-0: Ball 1-0: Ball 2-0: Called Strike 2-1: Ball 3-1: Base on Balls
|
Batting: RHB Bo Bichette
|
0-0: Called Strike 0-1: Called Strike 0-2: SINGLE (Groundball, 56, EV 103.1 MPH) (infield hit) Gary Sanchez to third Eric Hosmer to second
|
Batting: LHB Mason Williams
|
0-0: Foul Ball, location: 2F 0-1: Ball 1-1: Ball 2-1: Foul Ball, location: 2F 2-2: Strikes out looking
|
Batting: RHB Collin McHugh
|
0-0: Called Strike 0-1: Ball Wild Pitch! Gary Sanchez scores Eric Hosmer to third Bo Bichette to second 1-1: Foul Ball, location: 2F 1-2: Fly out, F8 (Line Drive, 8RD, EV 88.1 MPH)
|
Top of the 2nd over - 1 run, 2 hits, 0 errors, 2 left on base; Milwaukee 1 - Colorado 4 |
BOTTOM OF THE 2ND |
Colorado Rockies batting - Pitching for Milwaukee Brewers : RHP Collin McHugh
|
Batting: SHB Victor Reyes
|
0-0: Fly out, F8 (Flyball, 78D, EV 91.3 MPH)
|
Batting: LHB Shohei Ohtani
|
0-0: Ball 1-0: Swinging Strike 1-1: Foul Ball, location: 2F 1-2: Ball 2-2: Strikes out looking
|
Batting: LHB Josh VanMeter
|
0-0: Ball 1-0: Ball 2-0: Foul Ball, location: 2F 2-1: Ground out 6-3 (Groundball, 6, EV 86.9 MPH)
|
Bottom of the 2nd over - 0 runs, 0 hits, 0 errors, 0 left on base; Milwaukee 1 - Colorado 4 |
TOP OF THE 3RD |
Milwaukee Brewers batting - Pitching for Colorado Rockies : LHP Keegan Akin
|
Batting: RHB Tommy Pham
|
0-0: Ball 1-0: Ball 2-0: Ball 3-0: Base on Balls
|
Batting: LHB Jeff McNeil
|
0-0: Fly out, F8 (Flyball, 89M, EV 73.1 MPH)
|
Batting: RHB Eugenio Suarez
|
0-0: Ball 1-0: Called Strike 1-1: Foul Ball, location: 2F 1-2: Foul Ball, location: 2F 1-2: Foul Ball, location: 2F 1-2: Strikes out looking
|
Batting: RHB Aaron Judge
|
0-0: Ball 1-0: Called Strike 1-1: Called Strike 1-2: Foul Ball, location: 2F 1-2: Strikes out looking
|
Top of the 3rd over - 0 runs, 0 hits, 0 errors, 1 left on base; Milwaukee 1 - Colorado 4 |
BOTTOM OF THE 3RD |
Colorado Rockies batting - Pitching for Milwaukee Brewers : RHP Collin McHugh
|
Batting: RHB Michael Brosseau
|
0-0: SOLO HOME RUN (Flyball, 89XD, EV 112.5 MPH), Distance : 411 ft
|
Batting: RHB Orlando Arcia
|
0-0: DOUBLE (Groundball, 5L, EV 111.3 MPH)
|
Batting: LHB CJ Alexander
|
0-0: Foul Ball, location: 2F 0-1: Swinging Strike 0-2: Foul Ball, location: 2F 0-2: Ground out 4-3 (Groundball, 4, EV 81.9 MPH) Orlando Arcia to third
|
Batting: RHB Jake Rogers
|
0-0: Ball 1-0: Ball 2-0: Foul Ball, location: 2F 2-1: Foul Ball, location: 2F 2-2: Strikes out looking
|
Batting: LHB Keegan Akin
|
0-0: Ball 1-0: Swinging Strike 1-1: Swinging Strike 1-2: Foul Ball, location: 2F 1-2: Strikes out looking
|
Bottom of the 3rd over - 1 run, 2 hits, 0 errors, 1 left on base; Milwaukee 1 - Colorado 5 |
TOP OF THE 4TH |
Milwaukee Brewers batting - Pitching for Colorado Rockies : LHP Keegan Akin
|
Batting: RHB Gary Sanchez
|
0-0: Ball 1-0: Ball 2-0: Ball 3-0: Base on Balls
|
Batting: LHB Eric Hosmer
|
0-0: Called Strike 0-1: Grounds into double play, 4-6-3 (Groundball, 34D, EV 106.9 MPH)
|
Batting: RHB Bo Bichette
|
0-0: Ball 1-0: Fly out, F5 (Popup, 25, EV 90.0 MPH)
|
Top of the 4th over - 0 runs, 0 hits, 0 errors, 0 left on base; Milwaukee 1 - Colorado 5 |
BOTTOM OF THE 4TH |
Colorado Rockies batting - Pitching for Milwaukee Brewers : RHP Collin McHugh
|
Pitching: RHP Robert Stock
|
|
Batting: RHB Christian Lopes
|
0-0: Ball 1-0: Foul Ball, location: 2F 1-1: Ball 2-1: Fly out, F8 (Flyball, 78XD, EV 85.6 MPH)
|
Batting: SHB Victor Reyes
|
0-0: Called Strike 0-1: Ball 1-1: Foul Ball, location: 2F 1-2: Strikes out swinging
|
Batting: LHB Shohei Ohtani
|
0-0: Ball 1-0: Ball 2-0: Ball 3-0: Base on Balls
|
Batting: LHB Josh VanMeter
|
0-0: Ball 1-0: Ball 2-0: Ball 3-0: Called Strike 3-1: Base on Balls Shohei Ohtani to second
|
Pitching: RHP Joel Kuhnel
|
|
Now at SS: Brad Miller
|
|
Batting: RHB Michael Brosseau
|
0-0: Ball 1-0: DOUBLE (Line Drive, 78D, EV 105.6 MPH) Shohei Ohtani scores Josh VanMeter to third Runner from 3rd tries for Home, SAFE, throw by CF to home
|
Batting: RHB Orlando Arcia
|
0-0: Ball 1-0: Fly out, F8 (Flyball, 8RM, EV 88.1 MPH)
|
Bottom of the 4th over - 2 runs, 1 hit, 0 errors, 1 left on base; Milwaukee 1 - Colorado 7 |
TOP OF THE 5TH |
Milwaukee Brewers batting - Pitching for Colorado Rockies : LHP Keegan Akin
|
Batting: LHB Mason Williams
|
0-0: Ball 1-0: Reached on error, E6 (Groundball, 6M, EV 101.3 MPH)
|
Batting: LHB Brad Miller
|
0-0: Ball 1-0: Ground out U3 (Groundball, 3S, EV 66.9 MPH) Mason Williams to third
|
Batting: RHB Tommy Pham
|
0-0: Foul Ball, location: 2F 0-1: Ground out 4-3 (Groundball, 4, EV 82.5 MPH) Mason Williams scores
|
Batting: LHB Jeff McNeil
|
0-0: Ball 1-0: Ground out 4-3 (Groundball, 4, EV 90.6 MPH)
|
Top of the 5th over - 1 run, 0 hits, 1 error, 0 left on base; Milwaukee 2 - Colorado 7 |
BOTTOM OF THE 5TH |
Colorado Rockies batting - Pitching for Milwaukee Brewers : RHP Joel Kuhnel
|
Batting: LHB CJ Alexander
|
0-0: Ball 1-0: Foul Ball, location: 2F 1-1: Foul Ball, location: 2F 1-2: Strikes out swinging
|
Batting: RHB Jake Rogers
|
0-0: Swinging Strike 0-1: Ball 1-1: Ball 2-1: Ball 3-1: Called Strike 3-2: Fly out, F7 (Flyball, 7S, EV 79.4 MPH)
|
Batting: LHB Keegan Akin
|
0-0: Ball 1-0: Fly out, F4 (Popup, 4MD, EV 50.0 MPH)
|
Bottom of the 5th over - 0 runs, 0 hits, 0 errors, 0 left on base; Milwaukee 2 - Colorado 7 |
TOP OF THE 6TH |
Milwaukee Brewers batting - Pitching for Colorado Rockies : LHP Keegan Akin
|
Batting: RHB Eugenio Suarez
|
0-0: Swinging Strike 0-1: Foul Ball, location: 2F 0-2: Foul Ball, location: 2F 0-2: Strikes out swinging, 2-3 out at first.
|
Batting: RHB Aaron Judge
|
0-0: Called Strike 0-1: Ball 1-1: Foul Ball, location: 2F 1-2: Ball 2-2: Ball 3-2: Foul Ball, location: 2F 3-2: Base on Balls
|
Batting: RHB Gary Sanchez
|
0-0: Foul Ball, location: 2F 0-1: Swinging Strike 0-2: Ball 1-2: Strikes out swinging
|
Batting: LHB Eric Hosmer
|
0-0: Called Strike 0-1: Called Strike 0-2: Strikes out swinging
|
Top of the 6th over - 0 runs, 0 hits, 0 errors, 1 left on base; Milwaukee 2 - Colorado 7 |
BOTTOM OF THE 6TH |
Colorado Rockies batting - Pitching for Milwaukee Brewers : RHP Joel Kuhnel
|
Batting: RHB Christian Lopes
|
0-0: Foul Ball, location: 2F 0-1: Foul Ball, location: 2F 0-2: Ball 1-2: Ball 2-2: Foul Ball, location: 2F 2-2: Ball 3-2: Strikes out looking
|
Pitching: RHP Mark Melancon
|
|
Batting: SHB Victor Reyes
|
0-0: Ground out 6-3 (Groundball, 6, EV 88.8 MPH)
|
Batting: LHB Shohei Ohtani
|
0-0: Ball 1-0: Foul Ball, location: 2F 1-1: Swinging Strike 1-2: Foul Ball, location: 2F 1-2: Ball 2-2: DOUBLE (Groundball, 5L, EV 100.6 MPH)
|
Batting: LHB Josh VanMeter
|
0-0: Called Strike 0-1: Fly out, F4 (Popup, 3D, EV 51.9 MPH)
|
Bottom of the 6th over - 0 runs, 1 hit, 0 errors, 1 left on base; Milwaukee 2 - Colorado 7 |
TOP OF THE 7TH |
Milwaukee Brewers batting - Pitching for Colorado Rockies : LHP Keegan Akin
|
Pinch Hitting: RHB Dawel Lugo
|
0-0: Ball 1-0: Ball 2-0: Ball 3-0: Base on Balls
|
Batting: LHB Mason Williams
|
0-0: Called Strike 0-1: Called Strike 0-2: Grounds into double play, 4-6-3 (Groundball, 34, EV 96.9 MPH)
|
Batting: LHB Brad Miller
|
0-0: Ball 1-0: Ball 2-0: SINGLE (Line Drive, 9S, EV 88.1 MPH)
|
Batting: RHB Tommy Pham
|
0-0: Ground out 5-3 (Groundball, 25, EV 86.3 MPH)
|
Top of the 7th over - 0 runs, 1 hit, 0 errors, 1 left on base; Milwaukee 2 - Colorado 7 |
BOTTOM OF THE 7TH |
Colorado Rockies batting - Pitching for Milwaukee Brewers : RHP Mark Melancon
|
Pitching: RHP Sean Poppen
|
|
Batting: RHB Michael Brosseau
|
0-0: Called Strike 0-1: Called Strike 0-2: Ball 1-2: Ball 2-2: Strikes out swinging
|
Batting: RHB Orlando Arcia
|
0-0: Foul Ball, location: 2F 0-1: Foul Ball, location: 2F 0-2: Ball 1-2: Foul Ball, location: 2F 1-2: Ground out 2-3 (Groundball, 13S, EV 65.6 MPH)
|
Batting: LHB CJ Alexander
|
0-0: Foul Ball, location: 2F 0-1: Swinging Strike 0-2: Strikes out looking
|
Bottom of the 7th over - 0 runs, 0 hits, 0 errors, 0 left on base; Milwaukee 2 - Colorado 7 |
TOP OF THE 8TH |
Milwaukee Brewers batting - Pitching for Colorado Rockies : LHP Keegan Akin
|
Pitching: RHP Edinson Volquez
|
|
Batting: LHB Jeff McNeil
|
0-0: Ground out 4-3 (Groundball, 4, EV 90.0 MPH)
|
Batting: RHB Eugenio Suarez
|
0-0: Called Strike 0-1: Called Strike 0-2: Foul Ball, location: 2F 0-2: Ball 1-2: Foul Ball, location: 2F 1-2: Ball 2-2: Ball 3-2: SOLO HOME RUN (Flyball, 78XD, EV 108.1 MPH), Distance : 430 ft
|
Batting: RHB Aaron Judge
|
0-0: Ball 1-0: Ball 2-0: Foul Ball, location: 2F 2-1: Ball 3-1: Base on Balls
|
Batting: RHB Gary Sanchez
|
0-0: Called Strike 0-1: Ball 1-1: Foul Ball, location: 2F 1-2: Fly out, F8 (Flyball, 8LD, EV 91.9 MPH)
|
Batting: LHB Eric Hosmer
|
0-0: SINGLE (Groundball, 34D, EV 98.1 MPH) Aaron Judge to second Runner from 2nd tries for 3rd, SAFE, throw by RF made to third
|
Pinch Hitting: LHB Ben Gamel
|
0-0: Ground out 4-3 (Groundball, 4, EV 101.9 MPH)
|
Top of the 8th over - 1 run, 2 hits, 0 errors, 2 left on base; Milwaukee 3 - Colorado 7 |
BOTTOM OF THE 8TH |
Colorado Rockies batting - Pitching for Milwaukee Brewers : RHP Sean Poppen
|
Pitching: LHP Jose Quijada
|
|
Batting: RHB Jake Rogers
|
0-0: Ball 1-0: Ball 2-0: Ball 3-0: Called Strike 3-1: Foul Ball, location: 2F 3-2: Strikes out swinging
|
Pinch Hitting: RHB Miguel Cabrera
|
0-0: Called Strike 0-1: Foul Ball, location: 2F 0-2: Ball 1-2: Ball 2-2: Ball 3-2: Fly out, F9 (Flyball, 9S, EV 93.1 MPH)
|
Batting: RHB Christian Lopes
|
0-0: Foul Ball, location: 2F 0-1: Foul Ball, location: 2F 0-2: Foul Ball, location: 2F 0-2: SINGLE (Groundball, 6D, EV 99.4 MPH)
|
Batting: SHB Victor Reyes
|
0-0: Called Strike 0-1: Foul Ball, location: 2F 0-2: Ball 1-2: Ball 2-2: Ball 3-2: Foul Ball, location: 2F 3-2: Base on Balls Christian Lopes to second
|
Batting: LHB Shohei Ohtani
|
0-0: Called Strike 0-1: Ball 1-1: DOUBLE (Flyball, 8RXD, EV 98.8 MPH) Christian Lopes scores Victor Reyes to third Runner from 3rd tries for Home, SAFE, no throw by CF
|
Batting: LHB Josh VanMeter
|
0-0: Swinging Strike 0-1: Fly out, F5 (Popup, 56S, EV 88.1 MPH)
|
Bottom of the 8th over - 2 runs, 2 hits, 0 errors, 1 left on base; Milwaukee 3 - Colorado 9 |
TOP OF THE 9TH |
Milwaukee Brewers batting - Pitching for Colorado Rockies : RHP Edinson Volquez
|
Pitching: RHP Jason Hammel
|
|
Batting: LHB Mason Williams
|
0-0: Called Strike 0-1: Foul Ball, location: 2F 0-2: Ball 1-2: Ball 2-2: Foul Ball, location: 2F 2-2: Strikes out swinging
|
Batting: LHB Brad Miller
|
0-0: Called Strike 0-1: DOUBLE (Line Drive, 78M, EV 95.0 MPH)
|
Batting: RHB Tommy Pham
|
0-0: Called Strike 0-1: Ball 1-1: Ball 2-1: SINGLE (Groundball, 6MD, EV 102.5 MPH) Brad Miller to third
|
Batting: LHB Jeff McNeil
|
0-0: Foul Ball, location: 2F 0-1: Ball 1-1: Ball 2-1: Swinging Strike 2-2: Foul Ball, location: 2F 2-2: Ball 3-2: Base on Balls Tommy Pham to second
|
Batting: RHB Eugenio Suarez
|
0-0: Called Strike 0-1: Ball 1-1: Fly out, F3 (Popup, 3SF, EV 75.0 MPH)
|
Batting: RHB Aaron Judge
|
0-0: Ball 1-0: Ball 2-0: Ball 3-0: Fly out, F8 (Flyball, 8RD, EV 100.0 MPH)
|
Top of the 9th over - 0 runs, 2 hits, 0 errors, 3 left on base; Milwaukee 3 - Colorado 9 |
|